 Dungeon Crawl Stone Soup version 0.28-a0-1374-ga75cb3825e (webtiles) character file.

Game seed: 3646231428230778969

8615 freelancePsychic the Spear-Bearer (level 11, -16/89 HPs)
             Began as a Gnoll Wanderer on Jan 1, 2022.
             Was a Priest of Ashenzari.
             Hit by a silver javelin thrown by a minotaur (35 damage)
             ... in a Gauntlet.
             The game lasted 00:41:40 (15052 turns).

freelancePsychic the Spear-Bearer (Gnoll Wanderer) Turns: 15052, Time: 00:41:40

Health: -16/89     AC: 10    Str: 12    XL:     11   Next: 33%
Magic:  19/21      EV: 12    Int: 29    God:    Ashenzari [***...]
Gold:   261        SH: 11    Dex:  8    Spells: 10/23 levels left

rFire   + + .      SeeInvis +   a - +1 trident of Ouranomancy {flame, Melee, Bglg} (curse)
rCold   + . .      Faith    .   C - +1 kite shield "Gaze Upon Infinity" {AC+3, Cun, Bglg} (curse)
rNeg    + . .      Spirit   .   d - +0 robe
rPois   +          Reflect  .   f - +2 helmet of Truth {rElec Int+9 Dex-3}
rElec   +          Harm     .   (no cloak)
rCorr   +          Rampage  .   (no gloves)
Will    .....      Clarity  +   p - +0 pair of boots of the Distant Chagrin {Alch, Fort} (curse)
Stlth   +++....... NoTele   +   B - amulet "Servitude of Ashenzari" {RegenMP, Range, Elem} (curse)
HPRegen 0.24/turn               n - ring of the Scarab {Fire rN+ Int+4}
MPRegen 0.57/turn               k - ring of the Lashed Sage {rC+, Evo, Fort} (curse)

@: resistant (expiring), hasted, very quick
A: fangs 1, strong nose, distributed training
a: Renounce Religion, Shatter the Chains


You were in a Gauntlet.
You worshipped Ashenzari.
Ashenzari was most pleased with you.
You visited 2 branches of the dungeon, and saw 12 of its levels.
You also visited: Bailey and Gauntlet.

You collected 559 gold pieces.
You spent 298 gold pieces at shops.

Inventory:

Hand Weapons
 a - the cursed +1 trident of Ouranomancy (weapon) {flame, Melee, Bglg}
   (You bought it in a shop on level 3 of the Dungeon)

   It burns those it strikes, dealing additional fire damage.
   It has a curse which improves the following skills: Melee Combat: Short
   Blades, Long Blades, Axes, Maces & Flails, Polearms, Staves and Unarmed
   Combat.
   Beguiling: Conjurations, Hexes and Translocations.
 b - a +0 fustibalus
 s - the +9 war axe of Ylekluin {drain, rPois Str+5}
   (You found it on level 4 of the Dungeon)

   A truly terrible weapon, it drains the life of any living foe it strikes.
   Str:       It affects your strength (+5).
   rPois:     It protects you from poison.
 L - the +3 double sword "Moqub" {vamp, rC++ Int-2}
   (You found it in a bailey)

   It occasionally heals its wielder for a portion of the damage dealt when it
   wounds a living foe.
   Int:       It affects your intelligence (-2).
   rC:        It greatly protects you from cold.
Missiles
 e - 268 stones
 x - 51 sling bullets
 z - 4 curare-tipped darts
 D - 8 boomerangs (quivered)
Armour
 d - a +0 robe (worn)
 f - the +2 helmet of Truth (worn) {rElec Int+9 Dex-3}
   (You found it in a Gauntlet)

   Int:       It affects your intelligence (+9).
   Dex:       It affects your dexterity (-3).
   rElec:     It insulates you from electricity.
 p - the cursed +0 pair of boots of the Distant Chagrin (worn) {Alch, Fort}
   (You found it on level 3 of the Dungeon)

   It has a curse which improves the following skills: Alchemy: Poison Magic and
   Transmutations.
   Fortitude: Armour and Shields.
 C - the cursed +1 kite shield "Gaze Upon Infinity" (worn) {AC+3, Cun, Bglg}
   (You bought it in a shop on level 3 of the Dungeon)

   It has a curse which improves the following skills: Cunning: Dodging and
   Stealth.
   Beguiling: Conjurations, Hexes and Translocations.
Magical Staves
 q - a staff of cold
Jewellery
 h - a ring of ice
 k - the cursed ring of the Lashed Sage (right hand) {rC+, Evo, Fort}
   (You found it on level 5 of the Dungeon)

   [ring of protection from cold]

   rC:        It protects you from cold.
   It has a curse which improves the following skills: Evocations: Evocations.
   Fortitude: Armour and Shields.
 n - the ring of the Scarab (left hand) {Fire rN+ Int+4}
   (You found it in a Gauntlet)

   [ring of fire]

   It enhances your fire magic.
   Int:       It affects your intelligence (+4).
   rF:        It protects you from fire.
   rC:        It makes you vulnerable to cold.
   rN:        It protects you from negative energy.
 B - the cursed amulet "Servitude of Ashenzari" (around neck) {RegenMP, Range, Elem}
   (You found it on level 5 of the Dungeon)

   [amulet of magic regeneration]

   It increases your rate of magic regeneration.
   It has a curse which improves the following skills: Ranged Combat: Slings,
   Bows, Crossbows and Throwing.
   Elements:  Fire Magic, Ice Magic, Air Magic and Earth Magic.
 P - a +4 ring of protection
Wands
 u - a wand of iceblast (4)
 A - a wand of polymorph (4)
 F - a wand of flame (24)
 J - a wand of acid (2)
 N - a wand of digging (5)
 O - a wand of mindburst (4)
Scrolls
 i - 3 scrolls of teleportation {@r4}
 l - 2 scrolls of immolation
 m - a scroll of silence
 H - a scroll of noise
Potions
 g - a potion of berserk rage
 o - a potion of resistance
 r - 3 potions of curing {@q1}
 t - a potion of lignification
 v - a potion of invisibility
 w - a potion of mutation
 E - a potion of degeneration
 G - a potion of ambrosia
 I - 2 potions of magic
 M - 2 potions of might


   Skills:
 + Level 9.1 Fighting
 + Level 6.2(8.1) Short Blades
 + Level 6.2(8.1) Long Blades
 + Level 6.2(8.1) Axes
 + Level 6.2(8.1) Maces & Flails
 + Level 9.1(11.0) Polearms
 + Level 6.2(8.1) Staves
 + Level 6.2(8.1) Slings
 + Level 6.2(8.1) Bows
 + Level 6.2(8.1) Crossbows
 + Level 6.2(8.1) Throwing
 + Level 6.2(9.2) Armour
 + Level 6.2(8.1) Dodging
 + Level 6.2(8.1) Stealth
 + Level 6.2(9.2) Shields
 + Level 6.2(8.1) Unarmed Combat
 + Level 6.8 Spellcasting
 + Level 7.6(10.6) Conjurations
 + Level 5.1(8.0) Hexes
 + Level 5.1 Summonings
 + Level 5.1 Necromancy
 + Level 5.1(8.0) Translocations
 + Level 5.1(7.0) Transmutations
 + Level 5.1(7.0) Fire Magic
 + Level 5.1(7.0) Ice Magic
 + Level 5.1(7.0) Air Magic
 + Level 5.1(7.0) Earth Magic
 + Level 5.1(7.0) Poison Magic
 + Level 6.8 Invocations
 + Level 6.2(8.1) Evocations


You had 10 spell levels left.
You knew the following spells:

 Your Spells              Type           Power      Damage    Failure   Level
a - Magic Dart            Conj           100%       1d8       1%          1
b - Spider Form           Tmut/Pois      50%        N/A       1%          3
c - Summon Ice Beast      Ice/Summ       45%        N/A       9%          4
d - Alistair's Intoxicat  Tmut/Pois      33%        N/A       17%         5

Your spell library contained the following spells:

 Spells                   Type           Power      Damage    Failure   Level
 Apportation              Tloc           100%       N/A       1%          1
 Slow                     Hex            100%       N/A       1%          1
 Corpse Rot               Necr/Air       90%        N/A       1%          2
 Ensorcelled Hibernation  Hex/Ice        100%       N/A       1%          2
 Poisonous Vapours        Pois/Air       100%       N/A       1%          2
 Confusing Touch          Hex            54%        N/A       1%          3
 Conjure Flame            Conj/Fire      75%        6-21      1%          3
 Portal Projectile        Hex/Tloc       100%       N/A       1%          3
 Vampiric Draining        Necr           39%        2d8       4%          3
 Blade Hands              Tmut           25%        N/A       17%         5
 Summon Mana Viper        Hex/Summ       48%        N/A       21%         5
 Excruciating Wounds      Necr           19%        N/A       36%         5
 Monstrous Menagerie      Summ           19%        N/A       100%        7


Dungeon Overview and Level Annotations

Branches:
Dungeon (11/15)            Temple (1/1) D:6            Lair (0/6) D:10
 Bailey (visited)         Gauntlet (1/1)
    Orc: D:9-12

Altars:
Ashenzari
Cheibriados
Dithmenos
Fedhas
Gozag
Makhleb
Nemelex Xobeh
Okawaru
Qazlal
Ru
Sif Muna
Trog
Uskayaw
Vehumet
Zin

Shops:
D:3 **[   D:7 ?

Annotations:
D:9 exclusions: gargoyle and howler monkey Gauntlet 21 runed translucent doors, 6 transporters


Innate Abilities, Weirdness & Mutations

You have very sharp teeth.
Your uncanny sense of smell can sniff out nearby items.
Your experience applies equally to all skills.


Message History

The hell hound is frozen!
The hell hound dies!
A minotaur comes into view.
It is wielding a +2 rapier of venom and quivering silver javelins.
Unknown command.
You feel yourself speed up. The fire bat barely misses you.
Your ice beast hits the fire bat.
Your ice beast freezes the fire bat!
The fire bat is frozen!
The fire bat barely misses your ice beast.
The fire bat bites your ice beast.
Your ice beast is engulfed in flames!
Your ice beast melts!
Your ice beast closely misses the fire bat.
The fire bat bites your ice beast.
Your ice beast is engulfed in flames!
Your ice beast melts!
Your ice beast dies!
Your ice beast disappears in a puff of smoke!
Okay, then.
Casting: Summon Ice Beast (dangerous; 9% risk of failure)
Confirm with . or Enter, or press ? or * to list all spells.
A chill wind blows around you. What are your orders? t - Bark!
Orders for allies: a - Attack new target. r - Retreat! s - Stop attacking. g - Guard the area. f - Follow me.
Anything else - Cancel.
Gang up on whom?
Press: ? - help, Dir - move target, f - minotaur
Aim: a minotaur, wielding a +2 rapier of venom, wearing a +0 plate armour, wearing a ring of see invisible and quivering silver javelins (ally target) Attack!
Your ice beast hits the minotaur.
Your ice beast freezes the minotaur!!
You start to feel less resistant.
The minotaur throws a silver javelin.
The silver javelin closely misses your ice beast.
The silver javelin pierces through you!!
* * * LOW HITPOINT WARNING * * *
x2 Your ice beast hits the minotaur but does no damage.
The minotaur throws a silver javelin.
The silver javelin pierces through your ice beast!!
The silver javelin pierces through you!!
You die...

########.b..©.#########
* ####†.....#####
...............#
...............#
###.###.###.####
#.###.###.### *
............#
*.###.###.###.# *
#.###.###@# ,
....HY....# ###'#######
* .., ## *≈, ≈ ∆ * ≈ *


You could see a minotaur (ally target) and a friendly ice beast (summoned).

Vanquished Creatures
  A two-headed ogre (D:8)
  A worldbinder (Gauntlet)
  2 kobold demonologists (Bailey)
  A komodo dragon (D:10)
  2 nameless horrors
  2 yaks (D:11)
  A shadow (D:10)
  2 wraiths
  A wyvern (D:7)
  A steam dragon (D:8)
  2 water moccasins
  3 black bears
  15 orc warriors
  3 necrophages
  2 ogres
  3 centaurs
  2 kobold brigands
  Blork the orc (D:6)
  2 bullfrogs
  3 scorpions
  A gnoll sergeant (D:5)
  4 killer bees (D:9)
  4 electric eels (Bailey)
  2 hounds
  An orc priest (D:8)
  A gnoll shaman (D:9)
  2 jellies
  A centaur skeleton (D:6)
  An iguana (D:6)
  5 orc wizards
  A killer bee zombie (D:7)
  A howler monkey zombie (D:6)
  11 gnolls
  A howler monkey skeleton (D:7)
  6 adders
  2 white imps
  An ufetubus (D:6)
  A dart slug (D:4)
  31 orcs
  7 endoplasms
  4 giant cockroaches
  8 goblins
  8 hobgoblins
  6 quokkas
  4 ball pythons
  6 bats
  2 frilled lizards (D:2)
  12 kobolds
  6 rats
190 creatures vanquished.

Vanquished Creatures (collateral kills)
  A two-headed ogre (D:10)
  A wizard (Gauntlet)
  A meliai zombie (D:10)
  A wraith (D:10)
  A hell hound (Gauntlet)
  A centaur (D:10)
  4 killer bees (D:9)
  A centaur zombie (D:10)
  A howler monkey zombie (D:10)
  3 gnolls (D:9)
  A white imp (Gauntlet)
  An orc (D:9)
17 creatures vanquished.

Vanquished Creatures (others)
  2 boggarts (Gauntlet)
  7 fungi (Gauntlet)
  17 plants (Gauntlet)
26 creatures vanquished.

Grand Total: 233 creatures vanquished

Notes
Turn   | Place    | Note
-------+----------+-------------------------------------------
     0 | D:1      | freelancePsychic the Gnoll Wanderer began the quest for the
                  | Orb.
     0 | D:1      | freelancePsychic set off with the following items: a +3
                  | spear, a +0 robe; and the following spell memorised: Magic
                  | Dart; and the following spells available to memorise:
                  | Conjure Flame
     0 | D:1      | Reached XP level 1. HP: 23/23 MP: 4/4
     3 | D:1      | You fall into a shaft and drop 1 floor!
    13 | D:2      | Reached XP level 2. HP: 23/29 MP: 2/5
   511 | D:2      | Reached XP level 3. HP: 30/35 MP: 7/7
  1023 | D:1      | Reached skill level 1 in Invocations
  1455 | D:1      | Reached skill level 1 in Short Blades
  1455 | D:1      | Reached skill level 1 in Long Blades
  1455 | D:1      | Reached skill level 1 in Axes
  1455 | D:1      | Reached skill level 1 in Maces & Flails
  1455 | D:1      | Reached skill level 1 in Staves
  1455 | D:1      | Reached skill level 1 in Slings
  1455 | D:1      | Reached skill level 1 in Bows
  1455 | D:1      | Reached skill level 1 in Crossbows
  1455 | D:1      | Reached skill level 1 in Throwing
  1455 | D:1      | Reached skill level 1 in Armour
  1455 | D:1      | Reached skill level 1 in Dodging
  1455 | D:1      | Reached skill level 1 in Stealth
  1455 | D:1      | Reached skill level 1 in Shields
  1455 | D:1      | Reached skill level 1 in Unarmed Combat
  1455 | D:1      | Reached skill level 1 in Evocations
  1931 | D:3      | Reached XP level 4. HP: 41/41 MP: 8/8
  1964 | D:3      | Found a stormy altar of Qazlal.
  2103 | D:3      | Found Oxem's General Store.
  2147 | D:3      | Found Vyxkojio's Assorted Antiques.
  2152 | D:3      | Bought a scroll labelled COXKOITIAXT for 25 gold pieces
  2152 | D:3      | Bought a scroll labelled OTHROET EJOKH for 25 gold pieces
  2509 | D:3      | Found Pumyrofoewk's Armour Shop.
  2872 | D:4      | Identified the +9 war axe of Ylekluin {drain, rPois Str+5}
  3003 | D:4      | Reached skill level 1 in Hexes
  3003 | D:4      | Reached skill level 1 in Summonings
  3003 | D:4      | Reached skill level 1 in Necromancy
  3003 | D:4      | Reached skill level 1 in Translocations
  3003 | D:4      | Reached skill level 1 in Transmutations
  3003 | D:4      | Reached skill level 1 in Fire Magic
  3003 | D:4      | Reached skill level 1 in Ice Magic
  3003 | D:4      | Reached skill level 1 in Air Magic
  3003 | D:4      | Reached skill level 1 in Earth Magic
  3003 | D:4      | Reached skill level 1 in Poison Magic
  3003 | D:4      | Reached XP level 5. HP: 42/47 MP: 5/9
  3251 | D:5      | Entered Level 5 of the Dungeon
  3658 | D:5      | Noticed a kobold brigand
  3676 | D:5      | Killed a kobold brigand
  3873 | D:5      | Noticed a necrophage
  3891 | D:5      | Killed a necrophage
  3892 | D:5      | Reached XP level 6. HP: 38/53 MP: 6/11
  4019 | D:5      | Noticed a black bear
  4027 | D:5      | Killed a black bear
  4036 | D:5      | Reached XP level 7. HP: 46/59 MP: 7/12
  4696 | D:3      | Bought a +0 kite shield of protection for 115 gold pieces
  4809 | D:5      | Learned a level 3 spell: Spider Form
  4970 | D:5      | Reached XP level 8. HP: 43/67 MP: 11/14
  5540 | D:6      | Noticed Blork the orc
  5580 | D:6      | Killed Blork the orc
  6027 | D:6      | Found a shimmering blue altar of Sif Muna.
  6170 | D:6      | Found a staircase to the Ecumenical Temple.
  6311 | Temple   | Entered the Ecumenical Temple
  6367 | Temple   | Became a worshipper of Ashenzari the Shackled
  6814 | D:7      | Noticed a wyvern
  6819 | D:7      | Killed a wyvern
  6839 | D:7      | Reached XP level 9. HP: 67/72 MP: 16/16
  7374 | D:7      | Reached skill level 5 in Spellcasting
  7433 | D:7      | Found Mekhlosk's Magic Scroll Shoppe.
  7875 | D:8      | Found a hide-covered altar of Uskayaw.
  8046 | D:3      | Bought a +1 trident of flaming for 133 gold pieces
  8217 | D:8      | Noticed a two-headed ogre
  8234 | D:8      | Killed a two-headed ogre
  8383 | D:8      | Reached skill level 5 in Invocations
  8599 | D:8      | Reached * piety under Ashenzari
  9010 | D:9      | Found a flagged portal.
  9020 | Bailey   | Entered a bailey
  9069 | Bailey   | Reached XP level 10. HP: 30/80 MP: 18/18
  9764 | Bailey   | Reached skill level 5 in Short Blades
  9764 | Bailey   | Reached skill level 5 in Long Blades
  9764 | Bailey   | Reached skill level 5 in Axes
  9764 | Bailey   | Reached skill level 5 in Maces & Flails
  9764 | Bailey   | Reached skill level 5 in Staves
  9764 | Bailey   | Reached skill level 5 in Slings
  9764 | Bailey   | Reached skill level 5 in Bows
  9764 | Bailey   | Reached skill level 5 in Crossbows
  9764 | Bailey   | Reached skill level 5 in Throwing
  9764 | Bailey   | Reached skill level 5 in Armour
  9764 | Bailey   | Reached skill level 5 in Dodging
  9764 | Bailey   | Reached skill level 5 in Stealth
  9764 | Bailey   | Reached skill level 5 in Shields
  9764 | Bailey   | Reached skill level 5 in Unarmed Combat
  9764 | Bailey   | Reached skill level 5 in Evocations
 10097 | Bailey   | Identified the +3 double sword "Moqub" {vamp, rC++ Int-2}
 10264 | Bailey   | Reached ** piety under Ashenzari
 10322 | Bailey   | Identified the cursed +0 pair of boots of the Distant
                  | Chagrin {Alch, Fort} (You found it on level 3 of the
                  | Dungeon)
 10540 | Bailey   | Found an iron altar of Okawaru.
 10540 | Bailey   | Noticed a kobold demonologist
 10540 | Bailey   | Noticed a kobold demonologist
 10554 | Bailey   | Noticed a smoke demon
 10556 | Bailey   | Killed a kobold demonologist
 10563 | Bailey   | Killed a kobold demonologist
 10755 | Bailey   | Identified a scroll of acquirement
 10759 | Bailey   | Acquired a book of Beasts
 10967 | Bailey   | Identified Sif Muna's Guide on Ignition
 10967 | Bailey   | Identified Sif Muna's Papyrus of Darkness
 10967 | Bailey   | Identified Sif Muna's Tome of Cold
 11286 | D:9      | Learned a level 4 spell: Summon Ice Beast
 12516 | D:9      | Found a blossoming altar of Fedhas.
 12516 | D:9      | Noticed a gargoyle
 12830 | D:9      | Learned a level 5 spell: Alistair's Intoxication
 12878 | D:10     | Entered Level 10 of the Dungeon
 13025 | D:10     | Found a staircase to the Lair.
 13371 | D:10     | Reached *** piety under Ashenzari
 13438 | D:10     | Noticed a two-headed ogre
 13815 | D:10     | Noticed a nameless horror
 13823 | D:10     | Killed a nameless horror
 13970 | D:10     | Reached XP level 11. HP: 45/87 MP: 20/20
 13985 | D:10     | Killed a two-headed ogre
 14180 | D:10     | Reached **** piety under Ashenzari
 14500 | D:11     | Reached skill level 5 in Hexes
 14500 | D:11     | Reached skill level 5 in Summonings
 14500 | D:11     | Reached skill level 5 in Necromancy
 14500 | D:11     | Reached skill level 5 in Translocations
 14500 | D:11     | Reached skill level 5 in Transmutations
 14500 | D:11     | Reached skill level 5 in Fire Magic
 14500 | D:11     | Reached skill level 5 in Ice Magic
 14500 | D:11     | Reached skill level 5 in Air Magic
 14500 | D:11     | Reached skill level 5 in Earth Magic
 14500 | D:11     | Reached skill level 5 in Poison Magic
 14537 | D:11     | Found a gate leading to a gauntlet.
 14562 | Gauntlet | Entered a Gauntlet
 14562 | Gauntlet | Noticed a wizard
 14562 | Gauntlet | Identified the +2 helmet of Truth {rElec Int+9 Dex-3}
 14562 | Gauntlet | Found a large runed translucent door.
 14562 | Gauntlet | Found a large runed translucent door.
 14562 | Gauntlet | Found a large runed translucent door.
 14562 | Gauntlet | Found a transporter.
 14562 | Gauntlet | Found a large runed translucent door.
 14562 | Gauntlet | Found a runed translucent door.
 14562 | Gauntlet | Found a large runed translucent door.
 14562 | Gauntlet | Found a large runed translucent door.
 14562 | Gauntlet | Found a large runed translucent door.
 14562 | Gauntlet | Found a large runed translucent door.
 14562 | Gauntlet | Found a runed translucent gate.
 14562 | Gauntlet | Found a runed translucent gate.
 14562 | Gauntlet | Found a runed translucent door.
 14562 | Gauntlet | Found a runed translucent door.
 14562 | Gauntlet | Found a transporter.
 14562 | Gauntlet | Found a transporter.
 14572 | Gauntlet | Found a transporter.
 14572 | Gauntlet | Noticed a shining eye
 14572 | Gauntlet | Identified the +1 robe "Mitt" {+Inv Will+ Dex+4 Archmagi}
 14575 | Gauntlet | Found a transporter.
 14582 | Gauntlet | Identified the +1 pair of gloves of Bipliga {Will+ Str+4}
 14583 | Gauntlet | Found a transporter.
 14586 | Gauntlet | Found a transporter.
 14588 | Gauntlet | Noticed a sixfirhy
 14590 | Gauntlet | Found a runed translucent door.
 14592 | Gauntlet | Found a runed translucent door.
 14593 | Gauntlet | Identified the amulet of Heresy {Acrobat rF+ Dex+5}
 14594 | Gauntlet | Found a transporter.
 14597 | Gauntlet | Noticed a sixfirhy
 14602 | Gauntlet | Noticed a sixfirhy
 14611 | Gauntlet | Identified the ring of Neabbeam {Fire Int+3}
 14612 | Gauntlet | Found a transporter.
 14617 | Gauntlet | Found a transporter.
 14620 | Gauntlet | Found a transporter.
 14622 | Gauntlet | Noticed a worldbinder
 14631 | Gauntlet | Found a transporter.
 14635 | Gauntlet | Found a runed translucent gate.
 14639 | Gauntlet | Found a runed translucent door.
 14650 | Gauntlet | Found a large runed translucent door.
 14650 | Gauntlet | Found a large runed translucent door.
 14650 | Gauntlet | Found a large runed translucent door.
 14650 | Gauntlet | Found a large runed translucent door.
 14651 | Gauntlet | Found a large runed translucent door.
 14651 | Gauntlet | Found a large runed translucent door.
 14652 | Gauntlet | Found a large runed translucent door.
 14652 | Gauntlet | Found a large runed translucent door.
 14674 | Gauntlet | Killed a wizard
 14712 | Gauntlet | Noticed a manticore
 14715 | Gauntlet | Noticed a manticore
 14716 | Gauntlet | Noticed a death scarab
 14717 | Gauntlet | Noticed a merfolk aquamancer
 14720 | Gauntlet | Noticed a fire crab
 14725 | Gauntlet | Noticed a merfolk aquamancer
 14739 | Gauntlet | Killed a worldbinder
 15002 | Gauntlet | Identified the ring of the Scarab {Fire rN+ Int+4}
 15033 | Gauntlet | Noticed a minotaur
 15052 | Gauntlet | Hit by a silver javelin thrown by a minotaur

Illustrated notes

Levels and vault maps discovered:
D:1:      minmay_arrival_stair_chambers, layout_basic, serial_corexii_hall,
          corexii_hall_statues_i, chequers_hall_statues_wall_a
D:2:      layout_rooms, serial_bayou_pond_d, minmay_misc_feat_x
D:3:      layout_basic, lemuel_tele_altar, serial_shops, shop, shop,
          nicolae_lakefront_shop, minmay_crystal_water
D:4:      layout_cave_pools
D:5:      layout_basic
D:6:      layout_rooms, nicolae_sif_muna_little_library,
          minmay_temple_entry_hall, uniq_blork_the_orc
D:7:      layout_cave_pods, serial_shops, kennysheep_little_box
D:8:      layout_loops_ring, eat_drink_and_be_merry_uskayaw, special_room
          [special_room_orc], hangedman_decor_riveting, minmay_statues_item,
          columned_hall_lemuel
D:9:      layout_stronghold, marbit_many_paths, enter_bailey_6,
          kennysheep_cross_bottleneck
D:10:     layout_basic, lair_entry_dummy
D:11:     layout_basic, gauntlet_entry_generic
Temple:   regret_index_temple_mists
Gauntlet: minmay_gauntlet_mixed_big_or_small
          [minmay_gauntlet_arena_make_your_own_arena,
          minmay_gauntlet_arena_77_shame_cube, gammafunk_gauntlet_arena_split_x,
          minmay_gauntlet_arena_77_tiled_triplets,
          gammafunk_gauntlet_arena_hedges, minmay_gauntlet_arena_77_cramped,
          gauntlet_exit_watery]

Skill      XL: |  1  2  3  4  5  6  7  8  9 10 11 |
---------------+----------------------------------+-----
Invocations    | 1 2 3 4 5 6 |  6.8
Short Blades   | 1 2 3 4 5 6 |  6.2
Long Blades    | 1 2 3 4 5 6 |  6.2
Axes           | 1 2 3 4 5 6 |  6.2
Maces & Flails | 1 2 3 4 5 6 |  6.2
Staves         | 1 2 3 4 5 6 |  6.2
Slings         | 1 2 3 4 5 6 |  6.2
Bows           | 1 2 3 4 5 6 |  6.2
Crossbows      | 1 2 3 4 5 6 |  6.2
Throwing       | 1 2 3 4 5 6 |  6.2
Armour         | 1 2 3 4 5 6 |  6.2
Dodging        | 1 2 3 4 5 6 |  6.2
Stealth        | 1 2 3 4 5 6 |  6.2
Shields        | 1 2 3 4 5 6 |  6.2
Unarmed Combat | 1 2 3 4 5 6 |  6.2
Evocations     | 1 2 3 4 5 6 |  6.2
Spellcasting   | 3 4 5 6 |  6.8
Hexes          | 1 2 3 4 5 |  5.1
Summonings     | 1 2 3 4 5 |  5.1
Necromancy     | 1 2 3 4 5 |  5.1
Translocations | 1 2 3 4 5 |  5.1
Transmutations | 1 2 3 4 5 |  5.1
Fire Magic     | 1 2 3 4 5 |  5.1
Ice Magic      | 1 2 3 4 5 |  5.1
Air Magic      | 1 2 3 4 5 |  5.1
Earth Magic    | 1 2 3 4 5 |  5.1
Poison Magic   | 1 2 3 4 5 |  5.1
Fighting       | 7 8 9 |  9.1
Polearms       | 7 8 9 |  9.1
Conjurations   | 6 7 |  7.6

Action                   |  1- 3 |  4- 6 |  7- 9 | 10-12 || total
-------------------------+-------+-------+-------+-------++-------
Melee: Spear             |    65 |    81 |   173 |       ||   319
       Bite              |     3 |     4 |    14 |    21 ||    42
       Unarmed           |       |       |    18 |    45 ||    63
       Trident           |       |       |    79 |   255 ||   334
 Fire: Fustibalus        |       |     6 |    12 |     6 ||    24
Throw: Dart              |       |     1 |     2 |     2 ||     5
       Stone             |       |     1 |       |     1 ||     2
       Boomerang         |       |       |    12 |    26 ||    38
 Cast: Magic Dart        |    24 |    24 |    30 |       ||    78
       Spider Form       |       |       |     5 |     7 ||    12
       Summon Ice Beast  |       |       |       |    31 ||    31
       Alistair's Intoxi |       |       |       |    10 ||    10
Invok: Curse Item        |       |       |     2 |     4 ||     6
       Shatter the Chain |       |       |       |     1 ||     1
 Abil: End Transformatio |       |       |     1 |     1 ||     2
Evoke: Wand              |       |       |    20 |    17 ||    37
  Use: Scroll            |     4 |     1 |     5 |     2 ||    12
       Potion            |       |     2 |       |     7 ||     9
 Stab: Sleeping          |     2 |       |     2 |     1 ||     5
       Distracted        |       |       |     1 |       ||     1
       Invisible         |       |       |       |     1 ||     1
Armor: Robe              |    12 |     5 |    43 |    83 ||   143
       Skin              |       |       |     1 |       ||     1
       Ring mail         |       |       |       |     8 ||     8
Dodge: Dodged            |    15 |    24 |   138 |   176 ||   353
Block: Buckler           |       |       |    47 |    38 ||    85
       Kite shield       |       |       |       |    72 ||    72

Table legend: (Time is in decaauts)
 A = Elapsed time spent in this place.
 B = Non-inter-level travel time spent in this place.
 C = Inter-level travel time spent in this place.
 D = Time resting spent in this place.
 E = Time spent auto-exploring this place.
 F = Levels seen in this place.
 G = Mean time per level.
                   A        B        C        D        E       F      G
               +--------+--------+--------+--------+--------+-----+--------+
         Total |  14969 |  14127 |    842 |   1716 |   9887 |  14 | 1069.2 |
       Dungeon |  12268 |  11437 |    831 |    628 |   8950 |  11 | 1115.3 |
        Temple |     84 |     73 |     11 |      0 |     51 |   1 |   84.0 |
        Bailey |   2134 |   2134 |      0 |    823 |    818 |   1 | 2134.0 |
      Gauntlet |    482 |    482 |      0 |    265 |     68 |   1 |  482.0 |
               +--------+--------+--------+--------+--------+-----+--------+

Top non-repeatable levels by time:
  Bailey: 2134 daAuts
     D:9: 2117 daAuts
     D:5: 1653 daAuts
    D:10: 1383 daAuts
     D:7: 1361 daAuts
     D:6: 1136 daAuts
     D:3: 1022 daAuts
     D:2: 962 daAuts
     D:1: 902 daAuts
     D:8: 836 daAuts
     D:4: 803 daAuts
Gauntlet: 482 daAuts
    D:11: 87 daAuts
  Temple: 84 daAuts
